 Dungeon Crawl Stone Soup version 0.26.1-11-gd32895ea62 (webtiles) character file.

Game seed: 9646939525491564203

291 Exodus22XD the Chopper (level 6, -14/56 HPs)
             Began as a Hill Orc Monk on May 9, 2021.
             Demolished by an ogre
             ... wielding a +0 giant club
              (22 damage)
             ... on level 4 of the Dungeon.
             The game lasted 00:05:24 (5417 turns).

Exodus22XD the Chopper (Hill Orc Monk)              Turns: 5417, Time: 00:05:24

Health: -14/56     AC:  7    Str: 16    XL:     6   Next: 32%
Magic:  6/6        EV: 10    Int: 10    God:
Gold:   164        SH:  0    Dex: 13    Spells: 5/5 levels left

rFire    . . .     SeeInvis .   a - +0 hand axe
rCold    . . .     Faith    +   (no shield)
rNeg     . . .     Spirit   .   k - +0 scale mail
rPois    .         Reflect  .   j - +0 helmet
rElec    .         Harm     .   h - scarf {repulsion}
rCorr    .         Rampage  .   (no gloves)
Will     .....                  (no boots)
Stlth    ..........             t - amulet of faith
HPRegen  0.18/turn              (no ring)
MPRegen  0.10/turn              (no ring)

@: repel missiles
A: no striking features
a: no special abilities


You were on level 4 of the Dungeon.
You visited 1 branch of the dungeon, and saw 4 of its levels.

You collected 164 gold pieces.

Inventory:

Hand Weapons
 a - a +0 hand axe (weapon)
Armour
 h - a scarf of repulsion (worn)
 j - a +0 helmet (worn)
 k - a +0 scale mail (worn)
 s - a +0 kite shield
Jewellery
 m - an uncursed amulet of the acrobat
 q - an uncursed ring of fire
 t - an amulet of faith (around neck)
Scrolls
 c - 4 scrolls of teleportation
 f - 2 scrolls of remove curse
 g - a scroll of fog {unknown}
 i - 2 scrolls of identify {unknown}
 o - a scroll of amnesia {unknown}
 p - a scroll of noise {unknown}
 u - a scroll of enchant weapon {unknown}
Potions
 b - a potion of curing {unknown}
 d - a potion of heal wounds {unknown}
 e - a potion of attraction {unknown}
 l - a potion of mutation {unknown}
 n - a potion of magic {unknown}
 r - a potion of lignification {unknown}


   Skills:
 + Level 5.1 Fighting
 + Level 7.0 Axes
 * Level 2.9 Armour
 - Level 2.4 Dodging
 - Level 1.5 Stealth
 * Level 0.9 Shields


You had 5 spell levels left.
You didn't know any spells.
Your spell library was empty.

Dungeon Overview and Level Annotations

Branches:
Dungeon (4/15)
 Temple: D:4-7

Altars:


Message History

The ogre is severely wounded.
The ogre barely misses you.
You slash the ogre!
The ogre is almost dead.
You closely miss the ogre.
The ogre is almost dead.
The ogre barely misses you.
You hit the ogre but do no damage.
The ogre is almost dead.
The ogre barely misses you.
You barely miss the ogre.
The ogre is almost dead.
The ogre hits you with a +0 giant club!
* * * LOW HITPOINT WARNING * * *
You barely miss the ogre.
The ogre is almost dead.
You hit the ogre but do no damage.
The ogre is almost dead.
The ogre hits you with a +0 giant club!!
You die...

###########
#......O@.#
#.#######.#
#.##### #.#
#.....# #.#
#########.# #.#
#.....# #.# ##
#.#
#.###.###.##...##
#.#
#.#..............
#.#
#.#.#)###.##...#.


You could see an ogre.

Vanquished Creatures
  An ogre (D:4)
  Jessica (D:3)
  A worker ant (D:3)
  A hound skeleton (D:4)
  6 adders
  An ooze (D:1)
  3 worms (D:2)
  4 dart slugs
  4 orcs (D:3)
  7 bats
  4 giant cockroaches
  3 hobgoblins
  6 jackals
  2 quokkas
  3 ball pythons (D:3)
  6 frilled lizards
  9 goblins
  8 kobolds
  7 rats
77 creatures vanquished.

Vanquished Creatures (others)
  A jackal (D:2)
1 creature vanquished.

Grand Total: 78 creatures vanquished

Notes
Turn   | Place    | Note
-------+----------+-------------------------------------------
     0 | D:1      | Exodus22XD the Hill Orc Monk began the quest for the Orb.
     0 | D:1      | Reached XP level 1. HP: 19/19 MP: 1/1
   205 | D:1      | Reached XP level 2. HP: 27/27 MP: 2/2
   457 | D:1      | Reached skill level 1 in Armour
   786 | D:1      | Reached XP level 3. HP: 27/33 MP: 3/3
  1818 | D:2      | Reached skill level 5 in Axes
  2223 | D:1      | Reached XP level 4. HP: 4/41 MP: 4/4
  3656 | D:3      | Reached XP level 5. HP: 38/45 MP: 5/5
  3819 | D:3      | Noticed Jessica
  3826 | D:3      | Killed Jessica
  3827 | D:3      | Reached skill level 6 in Axes
  4568 | D:4      | Noticed an ogre
  4580 | D:4      | Killed an ogre
  4581 | D:4      | Reached skill level 5 in Fighting
  4581 | D:4      | Reached skill level 7 in Axes
  4581 | D:4      | Reached XP level 6. HP: 15/56 MP: 6/6
  5417 | D:4      | Demolished by an ogre

Illustrated notes

Levels and vault maps discovered:
D:1:      lemuel_arrival_muddy, layout_basic
D:2:      layout_basic, serial_glass, glass_columns_b, glass_columns_a,
          feat_on_display, due_unseen_surprise, feat_on_display,
          item_on_display_a
D:3:      layout_loops_ring, minmay_cupped, uniq_jessica
D:4:      layout_loops_ring

Skill      XL: |  1  2  3  4  5 |
---------------+----------------+-----
Fighting       | 4 5 |  5.1
Armour         | 1 2 |  2.9
Axes           | 5 7 |  7.0
Dodging        | |  2.4
Stealth        | |  1.5
Shields        | |  0.9

Action                   |  1- 3 |  4- 6 || total
-------------------------+-------+-------++-------
Melee: Hand axe          |   171 |   206 ||   377
  Use: Scroll            |     1 |     1 ||     2
 Stab: Sleeping          |     5 |       ||     5
Armor: Robe              |    37 |     2 ||    39
       Scale mail        |       |    46 ||    46
Dodge: Dodged            |   136 |   104 ||   240
Block: Kite shield       |       |     4 ||     4
